 Dungeon Crawl Stone Soup version 0.21-a0-460-g737a915 (webtiles) character file.

39 slep the Skirmisher (level 3, -4/29 HPs)
             Began as a Demonspawn Monk on Nov 21, 2017.
             Slain by a gnoll (7 damage)
             ... on level 1 of the Dungeon.
             The game lasted 00:03:39 (935 turns).

slep the Skirmisher (Demonspawn Monk)                Turns: 935, Time: 00:03:40

Health: -4/29      AC:  8    Str: 12    XL:     3   Next: 26%
Magic:  3/3        EV: 12    Int: 14    God:
Gold:   47         SH:  0    Dex: 15    Spells: 2/2 levels left

rFire    . . .     SeeInvis .   a - +0 falchion
rCold    . . .     Gourm    +   (no shield)
rNeg     . . .     Faith    .   o - +0 ring mail
rPois    .         Spirit   .   h - +2 helmet {Int+3}
rElec    .         Reflect  .   (no cloak)
rCorr    .         Harm     .   (no gloves)
MR       .....                  (no boots)
Stlth    ++........             k - amulet of the gourmand
HPRegen  0.09/turn              (no ring)
MPRegen  0.08/turn              (no ring)

@: no status effects
A: nightstalker 1
a: no special abilities


You were on level 1 of the Dungeon.
You were not hungry.

You visited 1 branch of the dungeon, and saw 2 of its levels.

You collected 47 gold pieces.

Inventory:

Hand Weapons
 a - a +0 falchion (weapon)
 m - a +0 mace
Armour
 b - a +0 robe
 h - a +2 helmet of intelligence (worn)
 o - a +0 ring mail (worn)
Jewellery
 k - an amulet of the gourmand (around neck)
Scrolls
 e - 3 scrolls of remove curse {unknown}
 g - 2 scrolls of magic mapping {unknown}
 l - 2 scrolls of teleportation {unknown}
Potions
 d - a potion of heal wounds {unknown}
 f - a potion of degeneration {unknown}
 j - a potion of agility {unknown}
 n - a potion of lignification {unknown}
Comestibles
 c - a bread ration
 i - a meat ration
 p - a royal jelly


   Skills:
 + Level 3.3 Fighting
 + Level 3.2 Long Blades
 + Level 3.1 Dodging
 + Level 2.0 Stealth


You had 2 spell levels left.
You didn't know any spells.

Dungeon Overview and Level Annotations

Branches:
Dungeon (2/15)

Altars:
Wu Jian


Innate Abilities, Weirdness & Mutations

You are slightly more attuned to the shadows.


Message History

There is a stone staircase leading up here.
The gnoll hits you.
* * * LOW HITPOINT WARNING * * *
You climb upwards.
There is a stone staircase leading down here.
You hit the gnoll but do no damage.
The gnoll is severely wounded.
The gnoll closely misses you.
You hit the gnoll but do no damage.
The gnoll is severely wounded.
The gnoll hits you.
* * * LOW HITPOINT WARNING * * *
You hit the gnoll but do no damage.
The gnoll is severely wounded.
The gnoll closely misses you.
You hit the gnoll.
The gnoll is severely wounded.
The gnoll closely misses you. The gnoll hits you!
You die...

#.#.'...######..........#
#.###...................# ###
##..................#
#...........########
######.#####.....# #.#.#..#
#.....# .#.#.#### #.....# #####
#.###...# #.....# #######....
.#.#.#..# #####@### #.......##.
#.#.#...# #....g..# #.#####.##.
#######'####.......####.# #.#..
#.....#.....>.'....# ###.#
######.....#.......############.#
...........#.......# #.....†....#
...>.......#.......# #.##########
.......#####.......# #.#
.......+.......##### #.#


You could see a gnoll.

Vanquished Creatures
  A gnoll (D:2)
  An ooze (D:1)
  A dart slug (D:1)
  A bat (D:2)
  2 giant cockroaches (D:1)
  6 goblins
  3 hobgoblins (D:1)
  A ball python (D:1)
  2 frilled lizards
  2 kobolds (D:1)
  3 rats (D:1)
23 creatures vanquished.

Notes
Turn   | Place    | Note
-------+----------+-------------------------------------------
     0 | D:1      | slep the Demonspawn Monk began the quest for the Orb.
     0 | D:1      | Reached XP level 1. HP: 18/18 MP: 1/1
    40 | D:1      | Gained mutation: You are slightly more attuned to the shadows. [demonic ancestry]
    40 | D:1      | Reached XP level 2. HP: 20/24 MP: 2/2
   833 | D:2      | Reached XP level 3. HP: 29/29 MP: 3/3
   837 | D:2      | Found an ornate altar of the Wu Jian Council.
   935 | D:1      | Slain by a gnoll

Vault maps used:
D:1:      saegor_arrival_simple_f, roderic_roman_lattice, st_stairs_1,
          minivault_14
D:2:      nicolae_overflow_hidden_temple, hangedman_decor_push

Skill      XL: |  1  2  3 |
---------------+----------+-----
Dodging        | 3 |  3.1
Long Blades    | 3 |  3.2
Stealth        | 2 |  2.0
Fighting       | |  3.3

Action                   || total
-------------------------++-------
Melee: Falchion          ||    98
 Stab: Sleeping          ||     3
  Eat: Chunk             ||     1
Armor: Robe              ||    17
       Ring mail         ||     8
Dodge: Dodged            ||    73
       Rpst.: Falchion   ||    21

Table legend:
 A = Spawn XP
 B = Non-spawn XP
 C = Spawn XP percentage of total XP
 D = Spawn monster count
 E = Non-spawn monster count
 F = Spawn count percentage of total count
 G = Total turns spent on level
                    A         B        C        D         E        F      G
               +---------+---------+-------+---------+---------+-------+---------
         Total |       0 |      56 |   0.0 |       0 |      23 |   0.0 |   935
               +---------+---------+-------+---------+---------+-------+---------
           D:1 |       0 |      37 |   0.0 |       0 |      19 |   0.0 |   824
           D:2 |       0 |      19 |   0.0 |       0 |       4 |   0.0 |   111
               +---------+---------+-------+---------+---------+-------+---------
